 Dungeon Crawl Stone Soup version 0.21.1-1-g345015f (webtiles) character file.

1772 letownia2 the Conjurer (level 9, -13/49 HPs)
             Began as a Tengu Air Elementalist on Mar 4, 2018.
             Was an Initiate of Cheibriados.
             Mangled by an ogre
             ... wielding a +0 giant club
              (16 damage)
             ... on level 8 of the Dungeon.
             The game lasted 00:20:20 (2704 turns).

letownia2 the Conjurer (Tengu Air Elementalist)     Turns: 2704, Time: 00:20:21

Health: -13/49     AC:  4    Str:  9    XL:     9   Next: 7%
Magic:  3/16       EV: 20    Int: 21    God:    Cheibriados [......]
Gold:   231        SH:  0    Dex: 20    Spells: 2/16 levels left

rFire    . . .     SeeInvis .   a - +2 dagger (venom)
rCold    . . .     Gourm    .   (no shield)
rNeg     . . .     Faith    .   e - +0 leather armour
rPois    .         Spirit   .   (helmet restricted)
rElec    .         Reflect  .   E - +0 cloak
rCorr    .         Harm     .   (no gloves)
MR       .....                  (boots unavailable)
Stlth    ++........             (no amulet)
HPRegen  0.16/turn              d - +4 ring of evasion
MPRegen  0.15/turn              m - +5 ring of dexterity

@: very slow
A: beak, talons 3, able to fly 1
a: Fly, Bend Time, Renounce Religion


You were on level 8 of the Dungeon.
You worshipped Cheibriados.
Cheibriados was noncommittal.
You were very hungry.

You visited 2 branches of the dungeon, and saw 9 of its levels.

You collected 231 gold pieces.

Inventory:

Hand Weapons
 a - a +2 dagger of venom (weapon)
 f - a +0 spear of venom
 i - a +0 hunting sling
 I - a +1 dagger of venom
Missiles
 h - 21 sling bullets
 y - 2 javelins (quivered)
Armour
 e - a +0 leather armour (worn)
 t - the +2 ring mail "Sutynkul" {rN++ Regen+ Str-4 Dex+3}
   (You found it on level 4 of the Dungeon)

   It affects your strength (-4).
   It affects your dexterity (+3).
   It greatly protects you from negative energy.
   It increases your rate of regeneration.
 E - a +0 cloak (worn)
Jewellery
 d - a +4 ring of evasion (left hand)
 m - a +5 ring of dexterity (right hand)
 o - an uncursed ring of fire
Wands
 k - a wand of iceblast (6)
 p - a wand of acid (8)
 u - a wand of flame (16)
 D - a wand of paralysis (11)
Scrolls
 j - a scroll of magic mapping {unknown}
 l - 7 scrolls of identify {unknown}
 n - 3 scrolls of remove curse {unknown}
 v - a scroll of teleportation {unknown}
 x - 2 scrolls of noise {unknown}
 C - a scroll of enchant armour {unknown}
 F - a scroll of vulnerability {unknown}
Potions
 g - a potion of degeneration {unknown}
 q - a potion of agility {unknown}
 r - a potion of heal wounds {unknown}
 s - 3 potions of brilliance {unknown}
 w - 2 potions of flight {unknown}
 z - 5 potions of curing {unknown}
 B - a potion of mutation {unknown}
 H - a potion of lignification {unknown}
Books
 b - a book of Air

   Spells                             Type                      Level
   a - Shock                          Conjuration/Air              1
   b - Swiftness                      Charms/Air                   2
   c - Static Discharge               Conjuration/Air              3
   d - Airstrike                      Air                          4
   e - Lightning Bolt                 Conjuration/Air              5
 A - the Catalogue of the Birds and Translocation
   (You found it on level 4 of the Dungeon)

   Spells                             Type                      Level
   a - Shroud of Golubria             Charms/Translocation         2
   b - Mephitic Cloud                 Conjuration/Poison/Air       3
   c - Recall                         Summoning/Translocation      3
   d - Force Lance                    Conjuration/Translocation    4
   e - Disjunction                    Translocation                8
 G - a book of Maledictions

   Spells                             Type                      Level
   a - Corona                         Hexes                        1
   b - Ensorcelled Hibernation        Hexes/Ice                    2
   c - Confuse                        Hexes                        3
   d - Tukima's Dance                 Hexes                        3
   e - Dazzling Spray                 Conjuration/Hexes            3
 J - a book of Debilitation

   Spells                             Type                      Level
   a - Corona                         Hexes                        1
   b - Slow                           Hexes                        2
   c - Inner Flame                    Hexes/Fire                   3
   d - Portal Projectile              Hexes/Translocation          3
   e - Cause Fear                     Hexes                        4
   f - Leda's Liquefaction            Hexes/Earth                  4
 K - a book of Minor Magic

   Spells                             Type                      Level
   a - Magic Dart                     Conjuration                  1
   b - Blink                          Translocation                2
   c - Call Imp                       Summoning                    2
   d - Slow                           Hexes                        2
   e - Conjure Flame                  Conjuration/Fire             3
   f - Mephitic Cloud                 Conjuration/Poison/Air       3
Comestibles
 c - 7 rations


   Skills:
 - Level 2.4 Fighting
 - Level 2.6 Armour
 + Level 5.9 Dodging
 - Level 2.0 Stealth
 + Level 4.3 Spellcasting
 + Level 7.2 Conjurations
 - Level 2.8 Charms
 - Level 2.8 Translocations
 - Level 5.5 Air Magic
 - Level 1.3 Poison Magic


You had 2 spell levels left.
You knew the following spells:

 Your Spells              Type           Power        Failure   Level  Hunger
a - Shock                 Conj/Air       ####         1%          1    None
b - Blink                 Tloc           N/A          8%          2    #......
c - Conjure Flame         Conj/Fire      ###.....     11%         3    ##.....
d - Static Discharge      Conj/Air       ####....     3%          3    ##.....
e - Mephitic Cloud        Conj/Pois/Air  ###.....     7%          3    ##.....
t - Shroud of Golubria    Chrm/Tloc      ###.......   8%          2    #......


Dungeon Overview and Level Annotations

Branches:
Dungeon (8/15)             Temple (1/1) D:6
   Lair: D:8-11

Altars:
Ashenzari
Cheibriados
Gozag
Hepliaklqana
Kikubaaqudgha
Makhleb
Nemelex Xobeh
Okawaru
Qazlal
Ru
Sif Muna
Trog
Uskayaw
Vehumet
Wu Jian
Yredelemnul
Zin
The Shining One

Annotations:
D:3 Natasha
D:6 letownia2's ghost, amateur TeAE
D:7 soepske's ghost, novice DsFi


Innate Abilities, Weirdness & Mutations

You have a beak for a mouth.
You have claws for feet.
You can fly.


Message History

The lightning arcs!
You are struck by lightning.
The lightning arcs!
The ogre is struck by lightning.
The ogre is moderately wounded.
The lightning grounds out.
You are feeling very hungry.
The ogre hits you with a giant club!
* * * LOW HITPOINT WARNING * * *
Unknown command.
Unknown command.
Unknown command.
Casting: Static Discharge
Confirm with . or Enter, or press ? or * to list all spells.
The ogre is struck by lightning.
The ogre is heavily wounded.
The lightning arcs!
You are struck by lightning.
* * * LOW HITPOINT WARNING * * *
The lightning arcs!
The ogre is struck by lightning.
The ogre is severely wounded.
The lightning grounds out.
The ogre hits you with a giant club!
You die...

# .. .## ...#
..... #####......
#..@O......
#.###...... #.#
....# #.# ..## #.#
## ########.#
.........#######
#######........##
............#...##


You could see an ogre.

Vanquished Creatures
  2 hippogriffs
  Menkaure (D:5)
  A water moccasin (D:8)
  A sky beast (D:5)
  A phantom (D:5)
  6 bullfrogs
  4 crimson imps
  2 bullfrog zombies
  A hound (D:3)
  An iguana (D:4)
  A bullfrog skeleton (D:4)
  Ijyb (D:5)
  4 orc wizards
  4 worker ants
  A bullfrog simulacrum (D:8)
  6 adders
  A shadow imp (D:6)
  A leopard gecko (D:8)
  8 orcs
  2 ball pythons
  4 giant cockroaches
  5 goblins
  2 hobgoblins
  7 jackals
  3 quokkas
  A kobold (D:3)
71 creatures vanquished.

Notes
Turn   | Place    | Note
-------+----------+-------------------------------------------
     0 | D:1      | letownia2 the Tengu Air Elementalist began the quest for the Orb.
     0 | D:1      | Reached XP level 1. HP: 10/10 MP: 4/4
    37 | D:2      | Reached skill level 2 in Conjurations
   179 | D:3      | Reached XP level 2. HP: 7/15 MP: 1/6
   225 | D:3      | Reached skill level 4 in Conjurations
   225 | D:3      | Reached XP level 3. HP: 6/19 MP: 0/7
   230 | D:3      | Learned a level 3 spell: Static Discharge
   359 | D:3      | Reached skill level 5 in Conjurations
   359 | D:3      | Reached XP level 4. HP: 3/24 MP: 1/8
   441 | D:3      | Noticed Natasha
   679 | D:4      | Gained mutation: You can fly. [Tengu growth]
   679 | D:4      | Reached XP level 5. HP: 8/28 MP: 3/9
   855 | D:4      | Got a heavily runed ring mail
   868 | D:4      | Identified the +2 ring mail "Sutynkul" {rN++ Regen+ Str-4 Dex+3} (You found it on level 4 of the Dungeon)
   905 | D:4      | Reached skill level 1 in Armour
   976 | D:4      | Reached skill level 1 in Fighting
  1015 | D:4      | Noticed a hippogriff
  1024 | D:4      | Killed a hippogriff
  1024 | D:4      | Reached XP level 6. HP: 14/36 MP: 1/10
  1161 | D:4      | Reached skill level 6 in Conjurations
  1183 | D:4      | Reached XP level 7. HP: 28/40 MP: 2/11
  1288 | D:4      | Identified the Catalogue of the Birds and Translocation
  1305 | D:4      | Learned a level 3 spell: Mephitic Cloud
  1330 | D:5      | Entered Level 5 of the Dungeon
  1408 | D:5      | Learned a level 2 spell: Shroud of Golubria
  1442 | D:5      | Reached skill level 1 in Poison Magic
  1549 | D:5      | Noticed Ijyb
  1556 | D:5      | Killed Ijyb
  1573 | D:5      | Reached skill level 1 in Charms
  1573 | D:5      | Reached skill level 1 in Translocations
  1763 | D:5      | Noticed Menkaure
  1772 | D:5      | Killed Menkaure
  1772 | D:5      | Reached XP level 8. HP: 43/45 MP: 4/13
  1990 | D:6      | Noticed letownia2's ghost (amateur TeAE)
  2015 | D:6      | Reached skill level 5 in Air Magic
  2076 | D:6      | Found a staircase to the Ecumenical Temple.
  2107 | Temple   | Entered the Ecumenical Temple
  2201 | Temple   | Became a worshipper of Cheibriados the Contemplative
  2380 | D:7      | Noticed soepske's ghost (novice DsFi)
  2403 | D:6      | Reached skill level 5 in Dodging
  2616 | D:8      | Noticed a hippogriff
  2626 | D:8      | Killed a hippogriff
  2643 | D:8      | Reached skill level 7 in Conjurations
  2643 | D:8      | Reached XP level 9. HP: 42/49 MP: 5/16
  2666 | D:8      | Learned a level 3 spell: Conjure Flame
  2669 | D:8      | Learned a level 2 spell: Blink
  2704 | D:8      | Mangled by an ogre

Skill      XL: |  1  2  3  4  5  6  7  8 |
---------------+-------------------------+-----
Conjurations   | 2 4 5 6 7 |  7.2
Armour         | 2 |  2.6
Fighting       | 2 |  2.4
Dodging        | 3 4 5 |  5.9
Poison Magic   | 1 |  1.3
Charms         | 1 2 |  2.8
Translocations | 1 2 |  2.8
Spellcasting   | 3 4 |  4.3
Air Magic      | 5 |  5.5
Stealth        | |  2.0

Action                   |  1- 3 |  4- 6 |  7- 9 || total
-------------------------+-------+-------+-------++-------
Melee: Dagger            |     9 |    11 |    57 ||    77
       Kick              |     3 |     2 |    21 ||    26
       Peck              |     1 |     2 |    15 ||    18
 Cast: Shock             |    20 |    47 |    66 ||   133
       Static Discharge  |       |     2 |    15 ||    17
       Shroud of Golubri |       |       |    11 ||    11
Evoke: Wand              |       |     6 |       ||     6
 Stab: Sleeping          |       |     1 |     1 ||     2
  Eat: Chunk             |       |     2 |     6 ||     8
Armor: Leather armour    |     2 |     3 |     9 ||    14
Dodge: Dodged            |    15 |    27 |    89 ||   131
